 Dungeon Crawl Stone Soup version 0.31.0-1-g2c135a008e (webtiles) character file.

Game seed: 14991586366721975831

134 qw the Shooter (level 5, -2/40 HPs)
             Began as a Djinni Hunter on Jan 23, 2024.
             Slain by a hound (3 damage)
             ... on level 3 of the Dungeon.
             The game lasted 00:00:05 (1634 turns).

qw the Shooter (Djinni Hunter)                      Turns: 1634, Time: 00:00:06

Health: -2/40      AC:  3    Str: 10    XL:     5   Next: 40%
Gold:   110        EV: 13    Int: 11    God:
                   SH:  0    Dex: 18

rFire   + + .        a - +0 shortbow
rCold   x . .        (shield currently unavailable)
rNeg    . . .        c - +0 leather armour
rPois   inf          (no helmet)
rElec   .            (no cloak)
rCorr   .            (no gloves)
SInv    .            (boots unavailable)
Will    .....        (no amulet)
Stlth   ++           (no ring)
HPRegen 0.26/turn    (no ring)
MPRegen 0.00/turn

%: infuse magic (-3 HP)
@: flying
A: sickness immunity, fire resistance 2, cold vulnerability 1, float, innate
caster, HP casting, extra vitality 1
a: no special abilities


You were on level 3 of the Dungeon.
You visited 1 branch of the dungeon, and saw 3 of its levels.

You collected 110 gold pieces.


Innate Abilities, Weirdness & Mutations

You are immune to sickness and miasma.
You are immune to poison.
Your flesh is very heat resistant. (rF++)
You are vulnerable to cold. (rC-)
You float through the air rather than walking.
You learn spells naturally, not from books.
Your magical power is your life essence.
You have superior vitality. (+4 MHP)


   Skills:
 - Level 3.0 Fighting
 + Level 4.3 Ranged Weapons
 - Level 3.5 Dodging
 - Level 0.7 Stealth


You knew the following spells:

 Your Spells              Type           Power      Damage    Failure   Level
a - Sting                 Conj/Alch      0%         1d3       43%         1
b - Blink                 Tloc           0%         N/A       58%         2
Your spell library was empty.

Inventory:

Hand Weapons
 a - a +0 shortbow (weapon)
Armour
 c - a +0 leather armour (worn)
Wands
 d - a wand of charming (10)

Dungeon Overview and Level Annotations

Branches:
Dungeon (3/15)

Altars:


Message History

You shoot an arrow. The arrow barely misses the hound.
The hound bites you. x2
You shoot an arrow. The arrow hits the hound.
The hound is heavily wounded.
The hound bites you. The hound closely misses you.
You shoot an arrow. The arrow closely misses the hound.
The hound bites you. The hound closely misses you.
You shoot an arrow. The arrow closely misses the hound.
The hound misses you. The hound bites you but does no damage.
You shoot an arrow. The arrow barely misses the hound.
The hound barely misses you. The hound bites you.
You shoot an arrow.
The arrow hits the hound but does no damage.
The hound is heavily wounded.
The hound bites you.
You shoot an arrow. The arrow closely misses the hound.
The hound bites you. The hound closely misses you.
You shoot an arrow. The arrow hits the hound!
The hound is almost dead.
The hound bites you. The hound barely misses you.
You shoot an arrow. The arrow closely misses the hound.
The hound barely misses you. The hound misses you.
You shoot an arrow. The arrow closely misses the hound.
The hound bites you but does no damage. The hound bites you.
You shoot an arrow. The arrow barely misses the hound.
The hound bites you.
You shoot an arrow. The arrow misses the hound.
The hound closely misses you. The hound bites you but does no damage.
You shoot an arrow. The arrow closely misses the hound.
The hound bites you. The hound barely misses you.
You shoot an arrow. The arrow barely misses the hound.
The hound misses you. x2
You shoot an arrow. The arrow misses the hound.
The hound bites you. The hound misses you.
You shoot an arrow. The arrow hits the hound.
The hound is almost dead.
The hound completely misses you. The hound bites you.
You shoot an arrow. The arrow barely misses the hound.
The hound bites you.
You die...

.. .. #.############
# #.#....<.....#
#.##.#~~.P777P.~~#
###.....~~P..P...~~#
.......h..P77.77PP #
..#..#@P.77 .P7 ....
#.7.7 .P ... ..7P..
.. ...7.7... .7
....P.77..P ##....PP
7.7 #)#.~ P. #.##~~


You could see a hound.

Vanquished Creatures
  Jessica (D:2)
  Natasha (D:2)
  Terence (D:2)
  An adder (D:2)
  3 ribbon worms (D:2)
  A dart slug (D:2)
  7 endoplasms
  2 giant cockroaches (D:2)
  4 goblins (D:2)
  3 hobgoblins
  6 quokkas
  3 ball pythons
  A frilled lizard (D:1)
  3 kobolds (D:2)
  3 rats
40 creatures vanquished.

Notes
Turn   | Place    | Note
-------+----------+-------------------------------------------
     0 | D:1      | qw the Djinni Hunter began the quest for the Orb.
     0 | D:1      | Reached XP level 1. HP: 18/18 MP: 0/0
     0 | D:1      | 0 ||| qw: Version: 0.3-a-136-gdd3b4e8
     0 | D:1      | 0 ||| qw: Game counter: 1065
     0 | D:1      | 0 ||| qw: Melee chars always use a shield: true
     0 | D:1      | 0 ||| qw: God list: Okawaru
     0 | D:1      | 0 ||| qw: Allow faded altars: false
     0 | D:1      | 0 ||| qw: Do Orc after clearing Dungeon:15 true
     0 | D:1      | 0 ||| qw: Do second Lair branch before Depths: true
     0 | D:1      | 0 ||| qw: Lair rune preference: random
     0 | D:1      | 0 ||| qw: Goals: Normal
     0 | D:1      | 0 ||| PLANNING D:1-11
   310 | D:1      | Found a faded altar of an unknown god.
   416 | D:1      | Reached XP level 2. HP: 23/23 MP: 0/0
   621 | D:1      | 621 ||| READING scroll labelled VEIHUG SUPLAKK.
   621 | D:1      | 621 ||| IDENTIFYING fizzy grey potion
   622 | D:1      | 622 ||| READING scroll labelled GEONU LYKKA.
   622 | D:1      | 622 ||| ENCHANTING +0 shortbow.
   623 | D:1      | 623 ||| DROPPING scroll of butterflies.
   660 | D:2      | Reached XP level 3. HP: 23/28 MP: 0/0
   660 | D:2      | Learned a level 1 spell: Sting
   661 | D:2      | Reached skill level 4 in Ranged Weapons
   686 | D:2      | 686 ||| FLEEEEING.
   700 | D:2      | Noticed Natasha
   712 | D:2      | HP: 5/28 [Natasha/magic dart (12)]
   713 | D:2      | 713 ||| DRINKING potion of heal wounds.
   715 | D:2      | Noticed Terence
   716 | D:2      | Killed Natasha
   717 | D:2      | Reached skill level 3 in Fighting
   717 | D:2      | Reached XP level 4. HP: 23/35 MP: 0/0
   721 | D:2      | Noticed Jessica
   726 | D:2      | Killed Terence
   732 | D:2      | Killed Jessica
   733 | D:2      | Reached skill level 3 in Dodging
   733 | D:2      | Reached XP level 5. HP: 22/40 MP: 0/0
   733 | D:2      | Learned a level 2 spell: Blink
  1589 | D:2      | 1589 ||| READING scroll of identify.
  1589 | D:2      | 1589 ||| IDENTIFYING silvery potion
  1590 | D:2      | 1590 ||| READING scroll labelled VONAVOTTUO.
  1591 | D:2      | 1591 ||| DROPPING potion of berserk rage.
  1627 | D:3      | HP: 10/40 [hound (2)]
  1632 | D:3      | HP: 3/40 [hound (3)]
  1633 | D:3      | HP: 1/40 [hound (3)]
  1634 | D:3      | Slain by a hound

Levels and vault maps discovered:
D:1:      mrwooster_arrival_statue, layout_loops_cross,
          hellmonk_ecumenical_altar_run_dry, serial_rivers,
          chequers_serial_rivers_micro_a, chequers_serial_rivers_small_3,
          chequers_serial_rivers_large_a, chequers_serial_rivers_small_b
D:2:      minmay_wonky_spiral, layout_loops_ring, minmay_pentomino_t4,
          uniq_terence, uniq_jessica, uniq_natasha
D:3:      cheibrodos_fertilizer, layout_basic, nicolae_elyvilon_peaceful_grove,
          uniq_sigmund, uniq_crazy_yiuf_cottage, uniq_ijyb

Skill      XL: |  1  2  3  4 |
---------------+-------------+-----
Ranged Weapons | 4 |  4.3
Fighting       | 3 |  3.0
Dodging        | 3 |  3.5
Stealth        | |  0.7

Action                     |  1- 3 |  4- 6 || total
---------------------------+-------+-------++-------
   Fire: Shortbow          |    59 |   116 ||   175
    Use: Scroll            |     2 |     2 ||     4
         Potion            |     1 |       ||     1
 Armour: Leather armour    |    16 |    37 ||    53
  Dodge: Dodged            |    13 |    43 ||    56

Table legend:
 A = Non-vault XP
 B = Vault XP
 C = Vault XP percentage of total XP
 D = Non-vault monster count
 E = Vault monster count
 F = Vault count percentage of total count
                 A         B        C        D         E       F
            +---------+---------+-------+---------+---------+-------
      Total |      72 |     120 |  62.5 |      31 |       9 |  22.5
            +---------+---------+-------+---------+---------+-------
        D:1 |      16 |       0 |   0.0 |      10 |       0 |   0.0
        D:2 |      56 |     120 |  68.2 |      21 |       9 |  30.0
            +---------+---------+-------+---------+---------+-------
